 Dungeon Crawl Stone Soup version 0.23.2-1-ga50397a (webtiles) character file.

Game seed: 997521597936724217

56 troglodite the Sneak (level 3, 0/25 HPs)
             Began as an Octopode Assassin on May 7, 2019.
             Succumbed to an adder's poison
             ... on level 2 of the Dungeon.
             The game lasted 00:02:31 (1230 turns).

troglodite the Sneak (Octopode Assassin)            Turns: 1230, Time: 00:02:32

Health: 0/25       AC:  1    Str: 10    XL:     3   Next: 97%
Magic:  3/3        EV: 13    Int: 13    God:
Gold:   91         SH:  0    Dex: 14    Spells: 2/2 levels left

rFire    . . .     SeeInvis .   a - +2 dagger
rCold    . . .     Gourm    .   (no shield)
rNeg     . . .     Faith    .   (helmet restricted)
rPois    .         Spirit   .   (no amulet)
rElec    .         Reflect  .   (no ring)
rCorr    .         Harm     .   (no ring)
MR       .....                  (no ring)
Stlth    ++++......             (no ring)
HPRegen  0.08/turn              (no ring)
MPRegen  0.08/turn              (no ring)
                                (no ring)
                                (no ring)

@: lethally poisoned (0 -> -3)
A: almost no armour, stealthy swim, amphibious, 8 rings, constrict 8, camouflage
1, gelatinous body 1
a: no special abilities


You were on level 2 of the Dungeon.
You were not hungry.

You visited 1 branch of the dungeon, and saw 2 of its levels.

You collected 91 gold pieces.

Inventory:

Hand Weapons
 a - a +2 dagger (weapon)
 b - a +0 blowgun
Missiles
 c - 18 poisoned needles
 d - 2 curare-tipped needles
Scrolls
 h - 2 scrolls of remove curse {unknown}
 i - a scroll of magic mapping {unknown}
 j - 2 scrolls of immolation {unknown}
 k - 2 scrolls of identify {unknown}
 n - a scroll of enchant weapon {unknown}
Potions
 e - a potion of degeneration {unknown}
 g - a potion of brilliance {unknown}
 l - a potion of might {unknown}
Comestibles
 f - 5 rations


   Skills:
 * Level 2.3 Fighting
 * Level 2.6 Short Blades
 + Level 2.0 Throwing
 * Level 1.6 Dodging
 + Level 6.3 Stealth


You had 2 spell levels left.
You didn't know any spells.
Your spell library was empty.

Dungeon Overview and Level Annotations

Branches:
Dungeon (2/15)

Altars:


Innate Abilities, Weirdness & Mutations

You cannot wear most types of armour.
You are very stealthy in the water. (Stealth+)
You are amphibious.
You can wear up to eight rings at the same time.
You can use your tentacles to constrict eight enemies at once.
Your skin changes colour to match your surroundings (Stealth+).
Your rubbery body absorbs attacks. (AC +1, EV +1)


Message History

The adder closely misses you.
You miss the adder. Your grab misses the adder.
The adder is severely wounded.
The adder bites you.
* * * LOW HITPOINT WARNING * * *
You hit the adder but do no damage. You grab the adder.
The adder is severely wounded.
You constrict the adder. The adder bites you but does no damage.
The adder closely misses you.
You barely miss the adder. Your squeeze misses the adder.
The adder is severely wounded.
You constrict the adder. The adder bites you.
* * * LOW HITPOINT WARNING * * *
You are lethally poisoned!
The adder poisons you!
You hit the adder.
The adder is almost dead.
You constrict the adder.
You kill the adder!
You die...

....<..#.... ########.# .
...##.. ## #.# ...... .#
#.# #..... .# #.# #....##
###. .# #.# #.#...##.....
.# #.# ##.##.......$#
.#######.#####..##..##.....
................@†r).......
#####......(..####........#
.# #.....###..^##..#####.#
.# #.....# ###.###........
.# #.....# #...........# .#
#.....# ###########.. .#
#.....# ## ####### #


You could see a rat.

Vanquished Creatures
  An adder (D:2)
  A dart slug (D:1)
  A leopard gecko (D:2)
  A ball python (D:2)
  A giant cockroach (D:1)
  3 goblins
  3 hobgoblins (D:1)
  11 jackals (D:1)
  6 bats
  4 frilled lizards
  4 kobolds (D:1)
  6 rats (D:1)
42 creatures vanquished.

Notes
Turn   | Place    | Note
-------+----------+-------------------------------------------
     0 | D:1      | troglodite the Octopode Assassin began the quest for the
                  | Orb.
     0 | D:1      | Reached XP level 1. HP: 14/14 MP: 1/1
    77 | D:1      | Reached XP level 2. HP: 16/19 MP: 2/2
   420 | D:1      | Reached skill level 6 in Stealth
   611 | D:1      | Reached XP level 3. HP: 24/24 MP: 3/3
  1229 | D:2      | HP: 1/24 [adder (5)]
  1230 | D:2      | Succumbed to an adder's poison

Skill      XL: |  1  2 |
---------------+-------+-----
Stealth        | 6 |  6.3
Fighting       | |  2.3
Short Blades   | |  2.6
Throwing       | |  2.0
Dodging        | |  1.6

Action                   || total
-------------------------++-------
Melee: Dagger            ||    82
       Constrict         ||    18
       Tentacles         ||    10
 Stab: Sleeping          ||    13
  Eat: Chunk             ||     1
Armor: Skin              ||     9
Dodge: Dodged            ||    52
